 Dungeon Crawl Stone Soup version 0.30.1-4-g462c640d31 (webtiles) character file.

Game seed: 5219072501871478069

30 growler the Gusty (level 3, -4/19 HPs)
             Began as a Tengu Air Elementalist on Sept 10, 2023.
             Slain by a goblin
             ... wielding a +0 club
             ... led by Robin
              (6 damage)
             ... on level 2 of the Dungeon.
             The game lasted 00:02:12 (1365 turns).

growler the Gusty (Tengu Air Elementalist)          Turns: 1365, Time: 00:02:12

Health: -4/19      AC:  3    Str:  8    XL:     3   Next: 18%
Magic:  0/7        EV: 12    Int: 17    God:
Gold:   77         SH:  0    Dex: 14    Spells: 1/7 levels left

rFire   . . .        (no weapon)
rCold   . . .        (no shield)
rNeg    . . .        a - +0 robe
rPois   .            (helmet restricted)
rElec   .            j - +0 cloak
rCorr   .            (no gloves)
SInv    .            (boots unavailable)
Will    .....        f - amulet of regeneration
Stlth   ++           (no ring)
HPRegen 1.03/turn    (no ring)
MPRegen 0.10/turn

%: no passive effects
@: flying
A: beak, talons 3
a: no special abilities


You were on level 2 of the Dungeon.
You visited 1 branch of the dungeon, and saw 2 of its levels.

You collected 77 gold pieces.

Inventory:

Armour
 a - a +0 robe (worn)
 j - a +0 cloak (worn)
Jewellery
 f - an amulet of regeneration (around neck)
Scrolls
 c - a scroll of identify {unknown}
 e - a scroll of blinking {unknown}
 g - a scroll of teleportation {unknown}
Potions
 b - a potion of magic
 d - a potion of heal wounds {unknown}
 h - a potion of mutation {unknown}


   Skills:
 - Level 2.1 Dodging
 - Level 2.0 Stealth
 + Level 2.5 Spellcasting
 + Level 2.4 Conjurations
 + Level 4.6 Air Magic


You had one spell level left.
You knew the following spells:

 Your Spells              Type           Power      Damage    Failure   Level
a - Shock                 Conj/Air       56%        1d6       4%          1
b - Static Discharge      Conj/Air       28%        2-4/arc   6%          2
c - Swiftness             Air            17%        N/A       9%          3

Your spell library contained the following spells:

 Spells                   Type           Power      Damage    Failure   Level
 Cigotuvi's Dreadful Rot  Necr/Pois/Air  14%        N/A       14%         2
 Airstrike                Air            8%         2d(2-18)  26%         4
 Ignite Poison            Fire/Tmut/Pois 2%         N/A       50%         3
 Freezing Cloud           Conj/Ice/Air   5%         6-21      88%         5


Dungeon Overview and Level Annotations

Branches:
Dungeon (2/15)

Altars:

Annotations:
D:2 Robin


Innate Abilities, Weirdness & Mutations

You have a beak for a mouth.
You have claws for feet.


Message History

A goblin comes into view. It is wielding a +0 club.
The goblin shouts!
You hear a shout! x7
A goblin is nearby!
The zap hits the goblin.
You kill the goblin!
You hear a shout!
Robin of the Strong Arm comes into view.
They are wielding a +0 spear.
The zap hits Robin.
Robin is lightly wounded.
Robin roars a battlecry!
You hear a shout!
The zap hits Robin.
Robin is moderately wounded.
Robin throws the goblin at you!
A goblin comes into view. It is wielding a +0 club.
The zap misses the goblin.
The goblin shouts!
You hear a shout! x2
A goblin comes into view. It is wielding a +0 club.
Robin says, "Kneel, worm!"
The goblin hits you with a +0 club.
You hear a shout!
The zap misses the goblin.
Robin throws the goblin at you! The goblin hits you with a +0 club.
Casting: Shock (safe; 4% risk of failure)
Confirm with . or Enter, or press ? or * to list all spells.
The goblin is struck by an arc of lightning.
The goblin is heavily wounded.
You are struck by an arc of lightning.
The goblin is struck by an arc of lightning.
The goblin is severely wounded.
The lightning grounds out.
The goblin barely misses you. The goblin misses you.
The goblin attacks as you move away! The goblin hits you with a +0 club. x2
* * * LOW HITPOINT WARNING * * *
Okay, then.
It was a potion of flight.
You feel very buoyant.
You fly up into the air.
The goblin hits you with a +0 club.
* * * LOW HITPOINT WARNING * * *
The goblin hits you with a +0 club.
You die...

####.##......#
# #...##.#
#..†##.#
#...##.#
######.###
##...## #
#.....# .#
#.....# ..#
#...@g#...#
#...g.'.g.#
#.....#....#
#.....# ##.).
......#.. #.
......#...
.......#....
..^....#....
..... ###..


You could see Robin and 2 goblins.

Vanquished Creatures
  A dart slug (D:1)
  2 endoplasms (D:1)
  2 giant cockroaches
  3 goblins
  A hobgoblin (D:1)
  6 jackals (D:1)
  3 kobolds (D:1)
  3 ball pythons
  A bat (D:1)
  A rat (D:1)
23 creatures vanquished.

Notes
Turn   | Place    | Note
-------+----------+-------------------------------------------
     0 | D:1      | growler the Tengu Air Elementalist began the quest for the
                  | Orb.
     0 | D:1      | Reached XP level 1. HP: 10/10 MP: 4/4
   216 | D:1      | Reached XP level 2. HP: 15/15 MP: 4/6
   285 | D:1      | Learned a level 2 spell: Static Discharge
  1025 | D:1      | Reached XP level 3. HP: 19/19 MP: 5/7
  1029 | D:1      | Learned a level 3 spell: Swiftness
  1358 | D:2      | Noticed Robin
  1365 | D:2      | Slain by a goblin

Illustrated notes

Levels and vault maps discovered:
D:1:      dpeg_arrival_rooms_with_view, layout_loops_corners
D:2:      minmay_roachtagon, layout_basic, uniq_natasha,
          uniq_crazy_yiuf_cottage, uniq_sigmund, uniq_robin

Skill      XL: |  1  2 |
---------------+-------+-----
Conjurations   | 2 |  2.4
Dodging        | |  2.1
Stealth        | |  2.0
Spellcasting   | |  2.5
Air Magic      | |  4.6

Action                     || total
---------------------------++-------
  Melee: Unarmed           ||    17
         Peck              ||     3
         Kick              ||     2
   Cast: Shock             ||    44
         Static Discharge  ||     1
    Use: Potion            ||     1
 Armour: Robe              ||     6
  Dodge: Dodged            ||    16
